 Dungeon Crawl Stone Soup version 0.29.1-13-g9f3cf754e1 (webtiles) character file.

Game seed: 16849524172834621342

3 leafyfresh the Magician (level 1, 0/15 HPs)
             Began as a Djinni Air Elementalist on Jan 19, 2023.
             Slain by a goblin
             ... wielding a +0 dagger
              (1 damage)
             ... on level 1 of the Dungeon.
             The game lasted 00:00:34 (555 turns).

leafyfresh the Magician (Djinni Air Elementalist)    Turns: 555, Time: 00:00:34

Health: 0/15       AC:  2    Str:  7    XL:     1   Next: 55%
Gold:   33         EV: 12    Int: 16    God:
                   SH:  0    Dex: 13

rFire   + + .      SeeInvis .   b - +0 short sword
rCold   x . .      Faith    .   (no shield)
rNeg    . . .      Spirit   .   a - +0 robe
rPois   ∞          Reflect  .   (no helmet)
rElec   .          Harm     .   (no cloak)
rCorr   .          Rampage  .   (no gloves)
Will    .....                   (boots unavailable)
Stlth   ++........              (no amulet)
HPRegen 0.05/turn               (no ring)
MPRegen 0.00/turn               (no ring)

@: flying
A: sickness immunity, fire resistance 2, cold vulnerability 1, float, innate
caster, HP casting, extra vitality 1
a: no special abilities


You were on level 1 of the Dungeon.
You visited 1 branch of the dungeon, and saw 1 of its levels.

You collected 33 gold pieces.

Inventory:

Hand Weapons
 b - a +0 short sword (weapon)
Armour
 a - a +0 robe (worn)
Scrolls
 c - a scroll of magic mapping {unknown}
 e - a scroll of teleportation {unknown}
Potions
 d - a potion of might {unknown}


   Skills:
 - Level 2.1 Dodging
 - Level 1.5 Stealth
 + Level 2.6 Spellcasting


You couldn't memorise any spells.
You knew the following spells:

 Your Spells              Type           Power      Damage    Failure   Level
a - Shock                 Conj/Air       40%        1d5       7%          1
b - Static Discharge      Conj/Air       10%        3-5/arc   10%         2
c - Swiftness             Air            10%        N/A       21%         3
d - Airstrike             Air            5%         2d(1-17)  54%         4
Your spell library was empty.

Dungeon Overview and Level Annotations

Branches:
Dungeon (1/15)

Altars:


Innate Abilities, Weirdness & Mutations

You are immune to sickness and miasma.
You are immune to poison.
Your flesh is very heat resistant. (rF++)
You are vulnerable to cold. (rC-)
You float through the air rather than walking.
You learn spells naturally, not from books.
Your magical power is your life essence.
You have superior vitality. (+4 MHP)


Message History

You miss the goblin. The goblin hits you with a +0 dagger.
A goblin is nearby!
You barely miss the goblin. The goblin misses you.
A goblin is nearby!
You hit the goblin but do no damage. The goblin hits you with a +0 dagger.
A goblin is nearby!
You are too injured to fight recklessly!
A goblin is nearby!
You are too injured to fight recklessly!
A goblin is nearby!
You are too injured to fight recklessly!
A goblin is nearby!
Casting: Shock (safe; 7% risk of failure)
Confirm with . or Enter, or press ? or * to list all spells.
Aiming: Shock (safe; 7% risk of failure)
Press: ? - help, Shift-Dir - straight line, f - goblin
Aim: a goblin, wielding a +0 dagger (60% to hit)
The zap hits the goblin.
The goblin is heavily wounded.
* * * LOW HITPOINT WARNING * * *
The goblin hits you with a +0 dagger.
* * * LOW HITPOINT WARNING * * *
Casting: Shock (safe; 7% risk of failure)
Confirm with . or Enter, or press ? or * to list all spells.
You don't have enough health to cast this spell.
Unknown command.
Casting: Shock (safe; 7% risk of failure)
Confirm with . or Enter, or press ? or * to list all spells.
You don't have enough health to cast this spell.
Unknown command.
You are too injured to fight recklessly!
You are too injured to fight recklessly!
You are too injured to fight recklessly!
You barely miss the goblin.
The goblin is heavily wounded.
The goblin barely misses you.
You barely miss the goblin.
The goblin is heavily wounded.
The goblin hits you with a +0 dagger.
You die...

.~#..# #.#.#..#.##.#
♣~#..# #.#....#.##.#
.~#..###.###..#.##.######.
~~#.......................
###.###########.#..♣♣♣♣♣♣#
.. .........#.♣♣.....♣
##########♣...♣ ##..♣♣♣♣#
#.@.....# #.#g...♣♣
#.#..#♣♣ .....# #..##.#
#.. .# #.? .# #(# .#


You could see a goblin.

Vanquished Creatures
  A giant cockroach (D:1)
  A frilled lizard (D:1)
  A kobold (D:1)
  A rat (D:1)
4 creatures vanquished.

Vanquished Creatures (others)
  5 toadstools (D:1)
5 creatures vanquished.

Grand Total: 9 creatures vanquished

Notes
Turn   | Place    | Note
-------+----------+-------------------------------------------
     0 | D:1      | leafyfresh the Djinni Air Elementalist began the quest for
                  | the Orb.
     0 | D:1      | leafyfresh set off with the following spells memorised:
                  | Shock, Static Discharge, Swiftness, Airstrike.
     0 | D:1      | Reached XP level 1. HP: 15/15 MP: 0/0
   555 | D:1      | Slain by a goblin

Illustrated notes

Levels and vault maps discovered:
D:1:      ldierk_walled_garden, layout_basic,
          shapermc_ecumenical_altar_totnotflames, serial_shops, shop

Action                   || total
-------------------------++-------
Melee: Short sword       ||    24
       Unarmed           ||     2
 Cast: Shock             ||     5
Armor: Robe              ||     3
Dodge: Dodged            ||    20
